 Dungeon Crawl Stone Soup version 0.27.0-1-g7a089689b8 (webtiles) character file.

Game seed: 15133426106113189118

58 willcat the Sneak (level 3, -3/29 HPs)
             Began as a Mummy Delver on Aug 13, 2021.
             Shot with an arrow by a centaur (10 damage)
             ... on level 6 of the Dungeon.
             The game lasted 00:00:20 (48 turns).

willcat the Sneak (Mummy Delver)                      Turns: 48, Time: 00:00:22

Health: -3/29      AC:  3    Str: 16    XL:     3   Next: 75%
Magic:  3/3        EV: 11    Int:  9    God:
Gold:   0          SH:  0    Dex: 13    Spells: 2/2 levels left

rFire    x . .     SeeInvis .   a - +0 spear
rCold    + . .     Faith    .   (no shield)
rNeg     + + +     Spirit   .   b - +0 leather armour
rPois    ∞         Reflect  .   (no helmet)
rElec    .         Harm     .   (no cloak)
rCorr    .         Rampage  .   (no gloves)
Will     .....                  (no boots)
Stlth    ++........             (no amulet)
HPRegen  0.09/turn              (no ring)
MPRegen  0.08/turn              (no ring)

@: no status effects
A: cold resistance 1, negative energy resistance 3, torment resistance 2, heat
vulnerability 1, no potions
a: no special abilities


You were on level 6 of the Dungeon.
You visited 1 branch of the dungeon, and saw 2 of its levels.

Inventory:

Hand Weapons
 a - a +0 spear (weapon)
Missiles
 g - 26 bolts
Armour
 b - a +0 leather armour (worn)
Wands
 f - a wand of digging (3)
 h - a wand of iceblast (5)
Scrolls
 c - a scroll of fog
 d - a scroll of magic mapping
 e - a scroll of fear


   Skills:
 - Level 3.0 Fighting
 + Level 3.4 Polearms
 - Level 1.5 Dodging
 - Level 4.1 Stealth


You had 2 spell levels left.
You didn't know any spells.
Your spell library was empty.

Dungeon Overview and Level Annotations

Branches:
Dungeon (6/15)
 Temple: D:4-7

Altars:


Innate Abilities, Weirdness & Mutations

You are immune to poison.
Your flesh is cold resistant. (rC+)
You are immune to negative energy. (rN+++)
You are immune to unholy pain and torment.
You are vulnerable to heat. (rF-)
You do not drink.


Message History

Found 22 gold pieces.
Found a black potion.
A shadow imp comes into view.
The shadow imp moves out of view.
You see here a wand of iceblast (7).
h - a wand of iceblast (7)
The scorpion stings you.
Aiming: Iceblast
Press: ? - help, Shift-Dir - straight line The mass of ice explodes!
The iceblast engulfs the scorpion!
The scorpion is heavily wounded.
You hear a shout! x2; You hear an angry hiss. x3; You hear a shout!
The scorpion stings you.
Unknown command.
Unknown command.
Aiming: Iceblast
Press: ? - help, Shift-Dir - straight line The mass of ice explodes!
The iceblast engulfs the scorpion!
You kill the scorpion!
Your Polearms skill gained 2 levels and is now at level 3!
You have reached level 2!
You have reached level 3!
Your experience leads to an increase in your attributes!
Increase (S)trength, (I)ntelligence, or (D)exterity?
You feel stronger.
A centaur comes into view.
The centaur wields a +0 shortbow.
The centaur shoots an arrow.
The arrow closely misses you.
You hear an angry hiss.
The centaur shoots an arrow.
The arrow hits you.
The centaur shoots an arrow.
The arrow barely misses you.
The centaur shoots an arrow.
The arrow barely misses you.
You hear an angry hiss.
Unknown command.
The centaur wields a +0 shortbow.
The centaur shoots an arrow.
The arrow hits you!
* * * LOW HITPOINT WARNING * * *
Unknown command.
The centaur shoots an arrow.
The arrow hits you!
You die...

#### ..... ...! ###..#
##....# . ##...# # .5
##...# .##.#
######....##....#
######..<@........#
##........(......c.#
##.##.<.............#
#.####.................
#.#
##..............##...
#.# #..##..c.##...$.#
#.
#####.####..#####.....
#.## #..# ##..## #.#
#..# ...


You could see 2 centaurs.

Vanquished Creatures
  A scorpion (D:6)
1 creature vanquished.

Notes
Turn   | Place    | Note
-------+----------+-------------------------------------------
     0 | D:5      | willcat the Mummy Delver began the quest for the Orb.
     0 | D:5      | Reached XP level 1. HP: 18/18 MP: 1/1
    19 | D:6      | Noticed a centaur
    32 | D:6      | Noticed a scorpion
    42 | D:6      | Killed a scorpion
    43 | D:6      | Reached XP level 2. HP: 16/24 MP: 2/2
    43 | D:6      | Reached XP level 3. HP: 20/29 MP: 3/3
    43 | D:6      | Noticed a centaur
    48 | D:6      | Shot with an arrow by a centaur

Illustrated notes

Levels and vault maps discovered:
D:5:      layout_basic, minmay_shop_enchanted_jewellery,
          kennysheep_small_spiral, eino_small_chamber_without_monster,
          minmay_misc_feat_diagonals, hangedman_abyss_or_decor_slice,
          uniq_sigmund, uniq_menkaure
D:6:      layout_layer_cave, minmay_diced_spiral

Skill      XL: |  1 |
---------------+----+-----
Polearms       | 3 |  3.4
Fighting       | |  3.0
Dodging        | |  1.5
Stealth        | |  4.1

Action                   || total
-------------------------++-------
Evoke: Wand              ||     2
Dodge: Dodged            ||     3
